 Dungeon Crawl Stone Soup version 0.30-a0-778-g2ef04afb54 (webtiles) character file.

Game seed: 16408607317228900933

21952 kae the Destroyer (level 12, -20/77 HPs)
             Began as a Gargoyle Earth Elementalist on Feb 15, 2023.
             Was an Elder of Vehumet.
             Demolished by a dire elephant (24 damage)
             ... on level 1 of the Lair of Beasts.
             The game lasted 00:15:48 (16862 turns).

kae the Destroyer (Gargoyle Earth Elementalist)    Turns: 16862, Time: 00:15:49

Health: -20/77     AC: 14    Str: 16    XL:     12   Next: 95%
Magic:  0/24       EV: 16    Int: 21    God:    Vehumet [****..]
Gold:   972        SH:  0    Dex: 16    Spells: 17/27 levels left

rFire   . . .      SeeInvis .    N - +5 spear "Koeptih" {drain, Str+2 Int+2}
rCold   . . .      Faith    .    (no shield)
rNeg    + . .      Spirit   +    U - +0 troll leather armour
rPois   ∞          Reflect  .    (no helmet)
rElec   +          Harm     .    u - +0 cloak
rCorr   .          Rampage  .    s - +0 pair of gloves
Will    .....                    (no boots)
Stlth   ++                       G - amulet of guardian spirit
HPRegen 1.12/turn                D - +6 ring of dexterity
MPRegen 0.19/turn                L - ring of flight

@: flying
A: sickness immunity, AC +8, negative energy resistance 1, electricity
resistance, torment resistance 1, petrification resistance
a: Renounce Religion


You were on level 1 of the Lair of Beasts.
You worshipped Vehumet.
Vehumet was greatly pleased with you.
You visited 3 branches of the dungeon, and saw 13 of its levels.
You also visited: Sewer and Ossuary.

You collected 972 gold pieces.


Innate Abilities, Weirdness & Mutations

You are immune to sickness and miasma.
Your stone body is resilient. (AC +8)
You are immune to poison.
You resist negative energy. (rN+)
You are resistant to electric shocks. (rElec)
You are resistant to unholy torment.
You are immune to petrification.


   Skills:
 - Level 10.0 Fighting
 + Level 8.1 Dodging
 - Level 2.1 Stealth
 - Level 8.0 Spellcasting
 - Level 12.0 Conjurations
 - Level 2.0 Transmutations
 - Level 12.0 Earth Magic


You had 17 spell levels left.
You knew the following spells:

 Your Spells              Type           Power      Damage    Failure   Level
a - Sandblast             Erth           100%       2d20      1%          1
b - Stone Arrow           Conj/Erth      100%       3d13      1%          3
c - Passwall              Tmut/Erth      30%        N/A       1%          2
d - Petrify               Tmut/Erth      37%        N/A       5%          4

Your spell library contained the following spells:

 Spells                   Type           Power      Damage    Failure   Level
 Iskenderun's Mystic Bla  Conj/Tloc      33%        2d8       2%          4
 Kiss of Death            Conj/Necr      100%       2d13      1%          1
 Sting                    Tmut/Pois      48%        1d5       6%          1
 Apportation              Tloc           16%        N/A       10%         1
 Freezing Cloud           Conj/Ice/Air   12%        6-21      13%         5
 Borgnjor's Vile Clutch   Necr/Erth      16%        N/A       22%         5
 Olgreb's Toxic Radiance  Pois           8%         N/A       24%         4
 Confusing Touch          Hex            8%         N/A       28%         3
 Ice Form                 Ice/Tmut       12%        N/A       54%         4
 Dispel Undead            Necr           8%         3d8       67%         4
 Alistair's Intoxication  Tmut/Pois      8%         N/A       87%         5
 Eringya's Noxious Bog    Tmut/Pois      6%         N/A       90%         6
 Simulacrum               Ice/Necr       4%         N/A       100%        6
 Ozocubu's Refrigeration  Ice            4%         4d8       100%        7
 Storm Form               Tmut/Air       6%         N/A       100%        7
 Ignition                 Fire           4%         3d4       100%        8
 Necromutation            Tmut/Necr      6%         N/A       100%        8
 Polar Vortex             Ice            4%         N/A       100%        9

Inventory:

Hand Weapons
 j - a +0 short sword of flaming
   (You found it on level 1 of the Dungeon)
 w - the +3 quarterstaff of Ateke {drain, Int+2}
   (You found it on level 6 of the Dungeon)

   Int:       It affects your intelligence (+2).
 M - the +7 lajatang of Order {silver, rMut}
   (You found it on level 8 of the Dungeon)

   rMut:      It protects you from mutation.
 N - the +5 spear "Koeptih" (weapon) {drain, Str+2 Int+2}
   (You found it on level 8 of the Dungeon)

   Str:       It affects your strength (+2).
   Int:       It affects your intelligence (+2).
Missiles
 e - 183 stones
 g - 10 boomerangs
 n - 27 poisoned darts
 F - 2 boomerangs of dispersal {=f!f}
 P - 6 atropa-tipped darts
 V - a curare-tipped dart {=f}
 X - 7 throwing nets {=f!f}
Armour
 s - a +0 pair of gloves (worn)
   (You found it on level 4 of the Dungeon)
 u - a +0 cloak (worn)
   (You took it off Crazy Yiuf on level 5 of the Dungeon)
 U - a +0 troll leather armour (worn)
   (You found it on level 11 of the Dungeon)
Magical Staves
 Y - a staff of death {!a}
   (You found it on level 1 of the Lair of Beasts)
Jewellery
 d - a +6 ring of dexterity
   (You found it on level 7 of the Dungeon)
 D - a +6 ring of dexterity (left hand)
   (You found it on level 1 of the Dungeon)
 G - an amulet of guardian spirit (around neck)
   (You found it on level 11 of the Dungeon)
 L - a ring of flight (right hand)
   (You took it off a goblin on level 2 of the Dungeon)
 O - a ring of willpower
   (You took it off a kobold on level 9 of the Dungeon)
 R - a ring of resist corrosion
   (You found it on level 5 of the Dungeon)
 T - an amulet of faith {!P}
   (You found it on level 6 of the Dungeon)
Wands
 i - a wand of roots (12)
   (You found it on level 4 of the Dungeon)
 B - a wand of mindburst (14)
   (You found it on level 6 of the Dungeon)
 I - a wand of polymorph (7)
   (You took it off a centaur on level 7 of the Dungeon)
 W - a wand of digging (5)
   (You found it on level 11 of the Dungeon)
Scrolls
 a - a scroll of identify {@r1}
 c - 2 scrolls of blinking {!r}
 l - 3 scrolls of immolation {!r!r}
 r - 6 scrolls of teleportation {@r4}
 t - 3 scrolls of enchant weapon
 y - a scroll of poison
 z - 5 scrolls of vulnerability {!r!r}
 C - a scroll of silence {!r}
 J - 3 scrolls of fog
 K - a scroll of enchant armour
 Q - a scroll of magic mapping {!r}
 S - a scroll of summoning
Potions
 b - 2 potions of magic
 f - a potion of lignification {unknown}
 h - 4 potions of heal wounds {@q2}
 k - 6 potions of degeneration {!q}
 m - 4 potions of might
 o - 2 potions of cancellation
 p - 2 potions of flight
 q - a potion of brilliance
 v - 5 potions of curing {@q1}
 x - 4 potions of attraction {!q}
 A - a potion of resistance
 E - 2 potions of berserk rage {!q}
 H - 2 potions of mutation {!q}

Dungeon Overview and Level Annotations

Branches:
Dungeon (11/15) Zot: 25891  Temple (1/1) D:6 Zot: 5998    Lair (1/5) D:10 Zot: 4135
    Orc (0/2) D:9           Sewer (visited)         Ossuary (visited)

Altars:
Ashenzari
Cheibriados
Dithmenos
Elyvilon
Fedhas
Gozag
Hepliaklqana
Kikubaaqudgha
Makhleb
Nemelex Xobeh
Okawaru
Qazlal
Ru
Sif Muna
Trog
Uskayaw
Vehumet
Wu Jian
Xom
Yredelemnul
Zin
The Shining One

Shops:
D:5

** #≈≈....##.....Y
#≈≈..#######... # #≈≈.......## .
## #≈≈~.......## #####.
#≈≈≈~.......###### #.##..
##≈≈~............#######.###.
#.≈≈......)÷.........#...##. ##
#.........Y##.............#. .##
##.....###.@................ ..##
##...#####.#................
...###..####.#.#.................
....#............................
.†...............................
####.............................
# ##............................
##............................
#.............................


You could see a dire elephant (drained).


Message History

Aim: a dire elephant (moderately wounded, 100% to hit)
The stone arrow hits the dire elephant.
The dire elephant tramples you!
You are shoved backwards! 😕 HP[-10] MP[-5]
You take 10 damage, and now have 67/77 hp.
You lost 5 mp, and now have 12/24 mp.
Casting: Stone Arrow (safe; 1% risk of failure)
Confirm with . or Enter, or press ? or * to list all spells.
Aiming: Sandblast (safe; 1% risk of failure)
Press: ? - help, Shift-Dir - straight line, f/p - dire elephant
Aim: a dire elephant (moderately wounded, 100% to hit)
The blast of sand hits the dire elephant!
The dire elephant completely misses you.
The dire elephant barely misses you. 😕 HP[+1] MP[-1]
You lost 1 mp, and now have 11/24 mp.
Casting: Sandblast (safe; 1% risk of failure)
Confirm with . or Enter, or press ? or * to list all spells.
Aiming: Sandblast (safe; 1% risk of failure)
Press: ? - help, Shift-Dir - straight line, f/p - dire elephant
Aim: a dire elephant (heavily wounded, 100% to hit)
The blast of sand hits the dire elephant.
The dire elephant tramples you but does no damage.
The dire elephant completely misses you.
The dire elephant tramples you but does no damage.
The dire elephant trunk-slaps you. 😕 HP[+1]
Casting: Sandblast (safe; 1% risk of failure)
Confirm with . or Enter, or press ? or * to list all spells.
Aiming: Sandblast (safe; 1% risk of failure)
Press: ? - help, Shift-Dir - straight line, f/p - dire elephant
Aim: a dire elephant (heavily wounded, 100% to hit)
The blast of sand hits the dire elephant but does no damage.
The dire elephant tramples you but does no damage.
The dire elephant trunk-slaps you. 😕 MP[-1]
You lost 1 mp, and now have 10/24 mp.
Casting: Sandblast (safe; 1% risk of failure)
Confirm with . or Enter, or press ? or * to list all spells.
Aiming: Sandblast (safe; 1% risk of failure)
Press: ? - help, Shift-Dir - straight line, f/p - dire elephant
Aim: a dire elephant (heavily wounded, 100% to hit)
The blast of sand hits the dire elephant but does no damage.
The dire elephant completely misses you.
The dire elephant trunk-slaps you but does no damage.
The dire elephant closely misses you.
The dire elephant trunk-slaps you but does no damage. 😕 HP[+2] MP[-1]
You regained 2 hp, and now have 71/77 hp.
You lost 1 mp, and now have 9/24 mp. 😕 HP[+1]
The dire elephant attacks as you move away!
The dire elephant tramples you!
The dire elephant closely misses you. 😕 HP[-13] MP[-1]
You take 13 damage, and now have 59/77 hp.
You lost 1 mp, and now have 8/24 mp.
The dire elephant attacks as you move away!
The dire elephant completely misses you.
The dire elephant closely misses you.
Things that are here:
a +0 war axe; a +0 scale mail; the human skeleton of Harold 😕 HP[+1]
The dire elephant completely misses you.
The dire elephant misses you. 😕 HP[+1] 😕 HP[+1]
You puncture the dire elephant! You drain the dire elephant.
The dire elephant closely misses you. The dire elephant trunk-slaps you!
You hit the dire elephant but do no damage.
The dire elephant tramples you!
You hold your ground!
The dire elephant misses you. 😮 HP[-20] MP[-2]
You take 20 damage, and now have 42/77 hp.
MASSIVE DAMAGE!! (PAUSE)
You lost 2 mp, and now have 6/24 mp.
You hit the dire elephant but do no damage.
You drain the dire elephant.
The dire elephant tramples you but does no damage.
The dire elephant trunk-slaps you. 😮 MP[-1]
You lost 1 mp, and now have 5/24 mp.
You hit the dire elephant. You drain the dire elephant.
The dire elephant tramples you!!
* * * LOW HITPOINT WARNING * * *
You hold your ground!
The dire elephant barely misses you. 😨 HP[-19] MP[-2]
You take 19 damage, and now have 23/77 hp.
MASSIVE DAMAGE!! (PAUSE)
You lost 2 mp, and now have 3/24 mp.
Casting: Sandblast (safe; 1% risk of failure)
Confirm with . or Enter, or press ? or * to list all spells.
Aiming: Sandblast (safe; 1% risk of failure)
Press: ? - help, Shift-Dir - straight line, f/p - dire elephant
Aim: a dire elephant (heavily wounded, lightly drained, 100% to hit)
The blast of sand hits the dire elephant!
The dire elephant tramples you!!
* * * LOW HITPOINT WARNING * * *
You hold your ground!
The dire elephant closely misses you. The dire elephant tramples you!!
You die...

Skill      XL: |  1  2  3  4  5  6  7  8  9 10 11 12 |
---------------+-------------------------------------+-----
Earth Magic    | 4 5 6 7 9 10 12 | 12.0
Conjurations   | 1 2 3 4 6 8 10 12 | 12.0
Spellcasting   | 3 4 5 6 8 |  8.0
Transmutations | 2 |  2.0
Fighting       | 9 10 | 10.0
Dodging        | 8 |  8.1
Stealth        | |  2.1

Action                     |  1- 3 |  4- 6 |  7- 9 | 10-12 || total
---------------------------+-------+-------+-------+-------++-------
  Melee: Unarmed           |     7 |       |       |       ||     7
         Short sword       |     5 |    40 |       |       ||    45
         Quarterstaff      |       |       |    13 |       ||    13
         Spear             |       |       |       |    82 ||    82
         Punch             |       |       |       |     2 ||     2
   Cast: Sandblast         |    36 |   127 |   157 |   283 ||   603
         Stone Arrow       |       |       |    40 |   190 ||   230
         Petrify           |       |       |     1 |       ||     1
  Evoke: Wand              |       |       |     2 |       ||     2
    Use: Scroll            |       |     9 |    14 |     5 ||    28
         Potion            |       |       |       |     1 ||     1
   Stab: Sleeping          |       |     1 |       |     1 ||     2
         Petrified         |       |       |     9 |       ||     9
 Armour: Robe              |     6 |    50 |    43 |    92 ||   191
         Skin              |       |       |     5 |       ||     5
         Troll leather arm |       |       |       |   116 ||   116
  Dodge: Dodged            |    11 |    60 |    61 |   263 ||   395

Levels and vault maps discovered:
D:1:      reono_arrival_mine, layout_basic, minmay_surrounded
D:2:      layout_loops_cross
D:3:      mumra_celtic_spiral_tile, layout_basic, lemuel_round_altar,
          gup_sewer_entry_glass, dreamdust_ecumenical_altar_sealed_demon,
          hangedman_feature_mirror
D:4:      layout_cave_pools, nicolae_uskayaw_en_pointe, lemuel_doored_altar,
          nrook_uturn
D:5:      layout_gridville, lemuel_tele_altar, mainiacjoe_overflow_catwalk,
          minmay_shop_mass, nicolae_shop_gadgets, uniq_crazy_yiuf_cottage
D:6:      layout_basic, minmay_temple_entry_statues_fountains, enter_ossuary_1,
          small_statue_alley_b, uniq_pikel
D:7:      layout_cave_pools, uniq_duvessa
D:8:      layout_basic, mainiacjoe_overflow_cross_hatched, minmay_hedge_maze,
          minmay_ruined_shrine
D:9:      layout_basic, lightli_temple_of_fire, zombieorc2_lemuel, uniq_grum,
          uniq_erica, uniq_amaemon
D:10:     layout_basic, erik_lair_dragon
D:11:     layout_rooms, solitary_fountain, elyvilon_altar_4
Temple:   minmay_freezing_vapour_temple
Lair:1:   layout_cave_pods, chequers_serial_rivers_micro_a,
          nicolae_lair_lakeside_cave, lemuel_fruit_tree, uniq_harold

Notes
Turn   | Place    | Note
-------+----------+-------------------------------------------
     0 | D:1      | kae the Gargoyle Earth Elementalist began the quest for the
                  | Orb.
     0 | D:1      | Reached XP level 1. HP: 10/10 MP: 3/3
     0 | D:1      | magus.rc [v1.11.3]
   241 | D:1      | Reached XP level 2. HP: 15/15 MP: 1/5
   265 | D:1      | Reached skill level 4 in Earth Magic
   386 | D:1      | You pick up a book of Ice and begin reading...
   386 | D:1      | You add the spells Freezing Cloud, Simulacrum and Polar
                  | Vortex to your library.
   833 | D:2      | Reached XP level 3. HP: 19/19 MP: 0/7
   855 | D:2      | Learned a level 3 spell: Stone Arrow
   858 | D:2      | Learned a level 2 spell: Passwall
  1145 | D:2      | Reached skill level 1 in Conjurations
  1248 | D:2      | Reached XP level 4. HP: 24/24 MP: 6/8
  1608 | D:3      | Reached skill level 3 in Spellcasting
  1612 | D:3      | Reached skill level 2 in Conjurations
  1637 | D:3      | Found an ancient bone altar of Kikubaaqudgha.
  1713 | D:3      | HP: 6/24 [something/magic dart (6)]
  1802 | D:3      | Found a glowing drain.
  1818 | D:3      | Reached XP level 5. HP: 27/28 MP: 5/9
  1820 | D:3      | Reached skill level 5 in Earth Magic
  1836 | Sewer    | Entered a sewer
  2001 | Sewer    | Reached skill level 3 in Conjurations
  2338 | Sewer    | Reached XP level 6. HP: 22/32 MP: 5/11
  2400 | Sewer    | Reached skill level 4 in Conjurations
  2410 | Sewer    | You add the spells Sting, Ice Form, Storm Form and
                  | Necromutation to your library.
  2410 | Sewer    | Got the Papyrus of Rank Therianthropy
  3014 | D:3      | Reached XP level 7. HP: 36/36 MP: 9/12
  3039 | D:3      | You pick up a book of Touch and begin reading...
  3039 | D:3      | You add the spells Kiss of Death, Confusing Touch and
                  | Dispel Undead to your library.
  3221 | D:3      | Found a faded altar of an unknown god.
  3221 | D:3      | Noticed a balrug
  3749 | D:3      | Found an ancient bone altar of Kikubaaqudgha.
  4110 | D:3      | Found a faded altar of an unknown god.
  4246 | D:4      | Reached skill level 4 in Spellcasting
  4259 | D:4      | Reached skill level 5 in Conjurations
  4259 | D:4      | Reached skill level 6 in Earth Magic
  4300 | D:4      | Identified the +3 robe of Voupunwuw {+Blink Will+}
  4627 | D:4      | You pick up a book of Party Tricks and begin reading...
  4627 | D:4      | You add the spells Apportation and Alistair's Intoxication
                  | to your library.
  4681 | D:4      | Noticed a +0 short sword
  4681 | D:4      | Noticed a +0 spear
  4682 | D:4      | Noticed a +0 falchion
  4682 | D:4      | Noticed a +0 falchion
  4686 | D:4      | Noticed a +0 short sword
  4727 | D:4      | Found a glowing silver altar of Zin.
  4748 | D:4      | Found a hide-covered altar of Uskayaw.
  4748 | D:4      | Noticed a +0 dagger
  4749 | D:4      | Noticed a +0 spear
  4751 | D:4      | Noticed a +0 dagger
  5086 | D:5      | Entered Level 5 of the Dungeon
  5092 | D:5      | Learned a level 4 spell: Petrify
  5203 | D:5      | Reached skill level 6 in Conjurations
  5294 | D:5      | Found a stormy altar of Qazlal.
  5353 | D:5      | Found Plog's Mass Market.
  5366 | D:5      | Found a snail-covered altar of Cheibriados.
  5400 | D:5      | Found Doigibbe's Gadget Gallery.
  5475 | D:5      | You add the spells Olgreb's Toxic Radiance, Ozocubu's
                  | Refrigeration and Ignition to your library.
  5500 | D:5      | Reached XP level 8. HP: 41/41 MP: 11/14
  5559 | D:5      | Reached skill level 1 in Transmutations
  5876 | D:5      | Found a runed translucent door.
  5877 | D:5      | Noticed Crazy Yiuf
  5882 | D:5      | Killed Crazy Yiuf
  5972 | D:6      | Found a staircase to the Ecumenical Temple.
  5985 | Temple   | Entered the Ecumenical Temple
  5997 | D:6      | Identified the +3 quarterstaff of Ateke {drain, Int+2}
  6037 | D:6      | Reached skill level 7 in Earth Magic
  6043 | D:6      | Reached skill level 5 in Spellcasting
  6054 | D:6      | Found a sand-covered staircase.
  6065 | D:6      | Reached skill level 7 in Conjurations
  6068 | D:6      | Reached skill level 2 in Transmutations
  6083 | Ossuary  | Entered an ossuary
  6761 | D:6      | Noticed a hornet
  6768 | D:6      | Killed a hornet
  6769 | D:6      | Reached skill level 8 in Conjurations
  6769 | D:6      | Reached XP level 9. HP: 45/45 MP: 2/17
  6791 | D:6      | Noticed Pikel
  6823 | D:6      | Killed Pikel
  6824 | D:6      | Reached skill level 8 in Earth Magic
  6951 | D:6      | Reached skill level 6 in Spellcasting
  6951 | D:6      | Reached skill level 9 in Conjurations
  7298 | D:7      | Noticed Duvessa
  7298 | D:7      | Noticed Dowan
  7569 | D:7      | Killed Duvessa
  7634 | D:7      | Killed Dowan
  7894 | D:7      | Reached skill level 10 in Conjurations
  7894 | D:7      | Reached skill level 9 in Earth Magic
  8172 | D:7      | Reached XP level 10. HP: 50/50 MP: 12/20
  8477 | D:8      | Identified the +5 spear "Koeptih" {drain, Str+2 Int+2}
  8478 | D:8      | Found the +7 lajatang of Order {silver, rMut}
  8752 | D:8      | HP: 1/50 [orc priest/divine providence (16)]
  8755 | D:8      | Reached skill level 7 in Spellcasting
  8757 | D:8      | Reached skill level 11 in Conjurations
  9092 | D:8      | Found a shimmering altar of Xom.
  9110 | D:8      | You add the spells Borgnjor's Vile Clutch and Eringya's
                  | Noxious Bog to your library.
  9286 | D:8      | Identified the +7 chain mail of a treasure trove {-Cast
                  | Rampage Will+ Str+7}
  9428 | D:8      | Found a radiant altar of Vehumet.
  9644 | D:8      | Became a worshipper of Vehumet
  9710 | D:8      | Reached skill level 10 in Earth Magic
 10119 | D:9      | Reached skill level 12 in Conjurations
 10167 | D:9      | Noticed Amaemon
 10170 | D:9      | Noticed an orange demon
 10175 | D:9      | Killed Amaemon
 10176 | D:9      | Reached skill level 8 in Spellcasting
 10176 | D:9      | Reached XP level 11. HP: 48/54 MP: 9/23
 10181 | D:9      | Reached skill level 11 in Earth Magic
 10332 | D:9      | Found a staircase to the Orcish Mines.
 10332 | D:9      | Noticed Erica
 10447 | D:9      | Killed Erica
 10448 | D:9      | Reached skill level 12 in Earth Magic
 10448 | D:9      | Reached skill level 1 in Fighting
 10474 | D:9      | Reached * piety under Vehumet
 10474 | D:9      | Offered knowledge of Magic Dart by Vehumet.
 10614 | D:9      | Reached skill level 2 in Fighting
 10808 | D:9      | Reached skill level 3 in Fighting
 10924 | D:8      | Reached skill level 4 in Fighting
 11079 | D:9      | Offered knowledge of Shock by Vehumet.
 11084 | D:9      | Reached ** piety under Vehumet
 11085 | D:9      | Reached skill level 5 in Fighting
 11390 | D:9      | Noticed Grum
 11395 | D:9      | Killed Grum
 11402 | D:9      | Reached skill level 6 in Fighting
 12171 | D:9      | Found a burning altar of Makhleb.
 12205 | D:10     | Entered Level 10 of the Dungeon
 12403 | D:10     | Reached skill level 7 in Fighting
 12499 | D:10     | Offered knowledge of Searing Ray by Vehumet.
 12506 | D:10     | HP: 12/67 [basilisk (14)]
 12655 | D:10     | Reached skill level 8 in Fighting
 12818 | D:10     | Found a staircase to the Lair.
 13398 | D:10     | Reached *** piety under Vehumet
 13647 | D:10     | Reached skill level 9 in Fighting
 13759 | D:10     | Reached XP level 12. HP: 65/76 MP: 20/24
 14056 | D:11     | Reached skill level 10 in Fighting
 14175 | D:11     | Reached skill level 2 in Dodging
 14309 | D:11     | Found a white marble altar of Elyvilon.
 15056 | Lair:1   | Entered Level 1 of the Lair of Beasts
 15059 | Lair:1   | Offered knowledge of Flame Wave by Vehumet.
 15149 | Lair:1   | Noticed a catoblepas
 15158 | Lair:1   | Killed a catoblepas
 15159 | Lair:1   | Reached skill level 3 in Dodging
 15242 | Lair:1   | Reached skill level 4 in Dodging
 15642 | Lair:1   | Noticed a boulder beetle
 15677 | Lair:1   | Killed a boulder beetle
 15678 | Lair:1   | Reached skill level 5 in Dodging
 15805 | Lair:1   | Reached **** piety under Vehumet
 15814 | Lair:1   | Reached skill level 6 in Dodging
 15817 | Lair:1   | HP: 18/77 [blink frog (11)]
 15995 | Lair:1   | Noticed a catoblepas
 16003 | Lair:1   | Killed a catoblepas
 16033 | Lair:1   | HP: 13/77 [elephant (11)]
 16034 | Lair:1   | HP: 4/77 [elephant (11)]
 16095 | Lair:1   | Offered knowledge of Iskenderun's Mystic Blast by Vehumet.
 16236 | Lair:1   | Reached skill level 7 in Dodging
 16560 | Lair:1   | Noticed Harold
 16567 | Lair:1   | Killed Harold
 16571 | Lair:1   | Reached skill level 8 in Dodging
 16841 | Lair:1   | Noticed a dire elephant
 16862 | Lair:1   | HP: 4/77 [dire elephant (21)]
 16862 | Lair:1   | Demolished by a dire elephant

Vanquished Creatures
  Harold (Lair:1)
  2 catoblepae (Lair:1)
  A boulder beetle (Lair:1)
  Erica (D:9)
  Amaemon (D:9)
  Pikel (D:6)
  5 elephants (Lair:1)
  2 black mambas (Lair:1)
  An orange demon (D:9)
  2 cane toads (Lair:1)
  A komodo dragon (D:10)
  A troll (D:11)
  A hornet (D:6)
  4 blink frogs (Lair:1)
  2 shadows
  A vampire (D:9)
  2 wyverns
  31 yaks
  Grum (D:9)
  3 vampire mosquitoes (D:11)
  7 basilisks
  2 steam dragons
  A two-headed ogre zombie (D:9)
  4 water moccasins
  Duvessa (D:7)
  5 ice beasts
  A swamp drake (D:10)
  3 orc warriors
  2 black bears
  A sky beast (D:7)
  An ogre (D:6)
  11 wolves
  4 centaurs
  3 lemures (D:6)
  3 phantoms
  3 kobold brigands
  8 bullfrogs
  2 gnoll sergeants
  3 scorpions
  A wight (D:8)
  Dowan (D:7)
  10 killer bees
  A troll zombie (D:9)
  4 howler monkeys
  3 hounds
  A jelly (D:5)
  A gnoll bouda (D:8)
  15 orc priests
  2 iguanas (D:5)
  Crazy Yiuf (D:5)
  12 orc wizards
  6 ogre zombies (D:9)
  8 mummies (Ossuary)
  16 adders
  10 gnolls
  2 worms
  3 dart slugs
  37 orcs
  6 bats
  12 endoplasms
  8 giant cockroaches
  3 gnoll zombies (Ossuary)
  6 goblins
  3 hobgoblins
  4 jackals (D:3)
  24 kobolds
  14 quokkas
  13 ball pythons
  18 frilled lizards
  3 goblin skeletons (D:9)
  A goblin zombie (D:9)
  8 hobgoblin zombies
  3 orc skeletons (D:9)
  15 orc zombies
  3 rats
407 creatures vanquished.

Vanquished Creatures (others)
  A demonic plant (D:3)
  A fungus (Lair:1)
  A plant (Lair:1)
3 creatures vanquished.

Grand Total: 410 creatures vanquished

Table legend:
 A = Non-vault XP
 B = Vault XP
 C = Vault XP percentage of total XP
 D = Non-vault monster count
 E = Vault monster count
 F = Vault count percentage of total count
                 A         B        C        D         E       F
            +---------+---------+-------+---------+---------+-------
      Total |   23471 |    7890 |  25.2 |     268 |     136 |  33.7
            +---------+---------+-------+---------+---------+-------
        D:1 |      19 |       3 |  13.6 |      10 |       2 |  16.7
        D:2 |      69 |       0 |   0.0 |      19 |       0 |   0.0
        D:3 |     192 |      69 |  26.4 |      33 |       6 |  15.4
        D:4 |     501 |       0 |   0.0 |      23 |       0 |   0.0
        D:5 |     276 |      36 |  11.5 |       8 |       1 |  11.1
        D:6 |    1260 |     629 |  33.3 |      19 |       1 |   5.0
        D:7 |    1073 |     214 |  16.6 |      16 |       2 |  11.1
        D:8 |    4277 |     543 |  11.3 |      39 |       7 |  15.2
        D:9 |    1859 |    3525 |  65.5 |      24 |      44 |  64.7
       D:10 |    2450 |    1443 |  37.1 |      24 |       7 |  22.6
       D:11 |    1371 |       0 |   0.0 |      21 |       0 |   0.0
     Lair:1 |   10124 |    1001 |   9.0 |      32 |       2 |   5.9
      Sewer |       0 |     272 | 100.0 |       0 |      48 | 100.0
    Ossuary |       0 |     155 | 100.0 |       0 |      16 | 100.0
            +---------+---------+-------+---------+---------+-------

Illustrated notes

Table legend:
 A = Kills in this place as a percentage of kills in entire the game.
 B = Kills by you in this place as a percentage of kills by you in the entire game.
 C = Kills by friends in this place as a percentage of kills by friends in the entire game.
 D = Other kills in this place as a percentage of other kills in the entire game.
 E = Experience gained in this place as a percentage of experience gained in the entire game.
 F = Experience gained in this place divided by the number of levels of this place that you have seen.
                   A       B       C       D       E      F
               +-------+-------+-------+-------+-------+----------------------
         Total | 100.0 | 100.0 |   N/A |   N/A | 100.0 | 2090.7
       Dungeon |  75.7 |  75.7 |   N/A |   N/A |  63.2 | 1800.8
          Lair |   8.4 |   8.4 |   N/A |   N/A |  35.5 | 11125.0
         Sewer |  11.9 |  11.9 |   N/A |   N/A |   0.9 | 272.0
       Ossuary |   4.0 |   4.0 |   N/A |   N/A |   0.5 | 155.0
               +-------+-------+-------+-------+-------+----------------------

Table legend: (Time is in decaauts)
 A = Elapsed time spent in this place.
 B = Non-inter-level travel time spent in this place.
 C = Inter-level travel time spent in this place.
 D = Time resting spent in this place.
 E = Time spent auto-exploring this place.
 F = Levels seen in this place.
 G = Mean time per level.
                   A        B        C        D        E       F      G
               +--------+--------+--------+--------+--------+-----+--------+
         Total |  17177 |  16714 |    463 |   1599 |  12339 |  15 | 1145.1 |
       Dungeon |  14243 |  13780 |    463 |   1150 |  10600 |  11 | 1294.8 |
        Temple |      1 |      1 |      0 |      0 |      0 |   1 |    1.0 |
          Lair |   1863 |   1863 |      0 |    298 |   1184 |   1 | 1863.0 |
         Sewer |    632 |    632 |      0 |     48 |    351 |   1 |  632.0 |
       Ossuary |    437 |    437 |      0 |    102 |    204 |   1 |  437.0 |
               +--------+--------+--------+--------+--------+-----+--------+

Top non-repeatable levels by time:
     D:3: 2087 daAuts
     D:8: 1970 daAuts
     D:9: 1915 daAuts
    D:10: 1875 daAuts
  Lair:1: 1863 daAuts
     D:7: 1041 daAuts
    D:11: 996 daAuts
     D:5: 981 daAuts
     D:6: 908 daAuts
     D:4: 873 daAuts
     D:2: 805 daAuts
     D:1: 789 daAuts
   Sewer: 632 daAuts
 Ossuary: 437 daAuts
  Temple: 1 daAuts
